 Dungeon Crawl Stone Soup version 0.22-a0-423-g4197694 (webtiles) character file.

111 CLM the Insei (level 4, -3/23 HPs)
             Began as a Vine Stalker Transmuter on May 23, 2018.
             Slain by an orc warrior
             ... wielding a +0 short sword
              (16 damage)
             ... on level 3 of the Dungeon.
             The game lasted 00:08:38 (3837 turns).

CLM the Insei (Vine Stalker Transmuter)             Turns: 3837, Time: 00:08:38

Health: -3/23      AC:  2    Str: 13    XL:     4   Next: 92%
Magic:  0/9        EV: 19    Int: 13    God:
Gold:   165        SH:  0    Dex: 20    Spells: 2/8 levels left

rFire    . . .     SeeInvis .     - Unarmed
rCold    + . .     Gourm    .   (shield currently unavailable)
rNeg     . . .     Faith    .   (armour currently unavailable)
rPois    x         Spirit   +   (helmet currently unavailable)
rElec    .         Reflect  .   (cloak currently unavailable)
rCorr    .         Harm     .   (gloves currently unavailable)
MR       .....                  (boots currently unavailable)
Stlth    +++.......             (no amulet)
HPRegen  0.47/turn              j - ring of stealth
MPRegen  0.11/turn              l - ring of protection from cold

@: spider-form
A: tiny, regeneration 1, magic shield, no potion heal 3, rot immunity
a: End Transformation


You were on level 3 of the Dungeon.
You were very hungry.
You were a venomous arachnid creature.
You visited 1 branch of the dungeon, and saw 4 of its levels.

You collected 165 gold pieces.

Inventory:

Missiles
 a - 13 arrows
 g - 96 stones (quivered)
 n - 4 javelins
Armour
 b - a +0 robe (melded)
Jewellery
 j - a ring of stealth (left front leg)
   (You found it on level 1 of the Dungeon)
 l - a ring of protection from cold (right front leg)
   (You found it on level 2 of the Dungeon)
Scrolls
 c - a scroll of noise {unknown}
 d - 3 scrolls of remove curse {@r2}
 h - a scroll of teleportation {unknown}
 i - a scroll of enchant weapon {unknown}
 p - a scroll of enchant armour {unknown}
Potions
 f - a potion of berserk rage {unknown}
 k - 2 potions of ambrosia
 m - a potion of lignification {!q}
 o - a potion of cancellation {unknown}
Comestibles
 e - 10 rations {!d}


   Skills:
 + Level 1.7 Fighting
 - Level 1.5 Dodging
 - Level 1.2 Stealth
 + Level 3.4 Unarmed Combat
 + Level 2.7 Spellcasting
 * Level 3.3 Transmutations
 + Level 1.0 Poison Magic


You had 2 spell levels left.
You knew the following spells:

 Your Spells              Type           Power        Failure   Level  Hunger
a - Beastly Appendage     Tmut           ##....       17%         1    #......
b - Sticks to Snakes      Tmut           ##......     22%         2    ###....
x - Spider Form           Tmut/Pois      #.........   50%         3    ###....

Your spell library contained the following spells:

 Spells                   Type           Power        Failure   Level  Hunger
 Blade Hands              Tmut           ##........   95%         5    ######.
 Ice Form                 Ice/Tmut       #.......     89%         4    #####..


Dungeon Overview and Level Annotations

Branches:
Dungeon (4/15)
 Temple: D:4-7

Altars:
Ashenzari


Innate Abilities, Weirdness & Mutations

((You have extremely sharp teeth.))
Your natural rate of healing is unusually fast.
When hurt, damage is shared between your health and your magic reserves.
((Your bite disrupts and absorbs the magic of your enemies.))
Potions cannot restore your health.
You are immune to rotting.


Message History

Casting: Sticks to Snakes (safe; 9% risk of failure)
You create a snake!
You now have 14 arrows.
The orc warrior hits you with a short sword!
Casting: Sticks to Snakes (safe; 9% risk of failure)
Okay, then.
Casting: Sticks to Snakes (safe; 9% risk of failure)
You turn into a venomous arachnid creature.
Your +0 robe melds into your body.
You are feeling very hungry.
The orc warrior misses you.
You completely miss the orc warrior.
The orc warrior hits you with a short sword!
Ouch! That really hurt!
* * * LOW HITPOINT WARNING * * *
Your adder bites the orc warrior.
The orc warrior is poisoned.
Your adder poisons the orc warrior!
Your adder bites the orc warrior but does no damage.
Your transformation is almost over.
Your adder bites the orc warrior but does no damage.
The orc warrior looks more healthy.
Your transformation has ended.
Your +0 robe unmelds from your body.
Your adder barely misses the orc warrior.
Your adder barely misses the orc warrior.
There is a stone staircase leading up here.
Your adder bites the orc warrior.
Your adder barely misses the orc warrior.
Your adder bites the orc warrior but does no damage.
Your adder barely misses the orc warrior.
Your adder withers and dies!
You create a snake!
You now have 13 arrows.
The orc warrior completely misses you.
Casting: Sticks to Snakes (safe; 9% risk of failure)
You turn into a venomous arachnid creature.
Your +0 robe melds into your body.
The orc warrior closely misses you.
Your ball python bites the orc warrior but does no damage.
Your ball python closely misses the orc warrior.
You barely miss the orc warrior. The orc warrior misses you.
Your ball python barely misses the orc warrior.
Your ball python completely misses the orc warrior.
You barely miss the orc warrior.
The orc warrior hits you with a short sword!
Your ball python bites the orc warrior.
Your ball python closely misses the orc warrior.
You hit the orc warrior but do no damage.
Your ball python misses the orc warrior.
Your ball python barely misses the orc warrior.
The orc warrior hits you with a short sword!
Ouch! That really hurt!
You die...

####### #.###.####.....#
#.# #.....#
#........#.##### #..
#.###.# #..##.##.#.### #.#
#.# #.###..##!##.#...# #.#
#.# #.S............#.####
#.# #.#
######....##........####.#
#.# #.......######......#
#.#
####.......#....#.....<.
##.##
#......s...#..(.#.......
#.<.#
#.......o..#....#.)..#.#
#.#.#
#.......S..#(...#..#.#.#
#...#
###....###.#....#.##.#..
#.### ##....#
#.###'##.##.### #.#
#.....# #........##.# #.#
###...### ###..###.##.#
#S#
#.......#####.###...#.###
#.#
#........................


You could see an orc warrior and a friendly ball python.

Vanquished Creatures
  4 adders
  A worm (D:3)
  4 dart slugs
  A leopard gecko (D:2)
  2 ball pythons
  A giant cockroach (D:3)
  6 goblins
  4 hobgoblins
  10 jackals
  6 kobolds
  11 bats
  3 frilled lizards
  4 rats
57 creatures vanquished.

Vanquished Creatures (collateral kills)
  2 worms (D:2)
  An orc (D:3)
  A jackal (D:1)
  A rat (D:1)
5 creatures vanquished.

Grand Total: 62 creatures vanquished

Notes
Turn   | Place    | Note
-------+----------+-------------------------------------------
     0 | D:1      | CLM the Vine Stalker Transmuter began the quest for the Orb.
     0 | D:1      | Reached XP level 1. HP: 9/9 MP: 4/4
   419 | D:1      | Reached skill level 1 in Fighting
   618 | D:1      | Reached XP level 2. HP: 12/14 MP: 6/6
   637 | D:1      | Learned a level 2 spell: Sticks to Snakes
   820 | D:1      | Reached skill level 1 in Stealth
  1349 | D:1      | Reached XP level 3. HP: 18/18 MP: 3/7
  1354 | D:1      | Learned a level 3 spell: Spider Form
  2604 | D:2      | Gained mutation: Your natural rate of healing is unusually fast. [Vine Stalker growth]
  2604 | D:2      | Reached XP level 4. HP: 21/22 MP: 2/8
  3112 | D:3      | Reached skill level 1 in Poison Magic
  3631 | D:4      | Found a shattered altar of Ashenzari.
  3631 | D:4      | Noticed an orc warrior
  3837 | D:3      | Slain by an orc warrior

Vault maps used:
D:1:      denvon_arrival_waterhouse, minmay_misc_feat_columns
D:3:      nrook_mini_vaults
D:4:      evilmike_ruin_ashenzari, minmay_temple_entry_trees, first_ration,
          small_statue_intersection, tgw_sif

Skill      XL: |  1  2  3  4 |
---------------+-------------+-----
Fighting       | 1 |  1.7
Stealth        | 1 |  1.2
Transmutations | 3 |  3.3
Poison Magic   | 1 |  1.0
Dodging        | |  1.5
Unarmed Combat | |  3.4
Spellcasting   | |  2.7

Action                   |  1- 3 |  4- 6 || total
-------------------------+-------+-------++-------
Melee: Unarmed           |   103 |    51 ||   154
       Bite              |    20 |     9 ||    29
       Kick              |    14 |     3 ||    17
       Headbutt          |     2 |     2 ||     4
       Punch             |       |     2 ||     2
Throw: Stone             |    17 |     5 ||    22
 Cast: Beastly Appendage |    26 |     9 ||    35
       Sticks to Snakes  |     9 |    10 ||    19
       Spider Form       |       |     2 ||     2
  Use: Scroll            |     1 |     3 ||     4
 Stab: Sleeping          |     3 |     3 ||     6
  Eat: Chunk             |     6 |     4 ||    10
Armor: Robe              |    35 |     7 ||    42
Dodge: Dodged            |    91 |    31 ||   122

Table legend:
 A = Spawn XP
 B = Non-spawn XP
 C = Spawn XP percentage of total XP
 D = Spawn monster count
 E = Non-spawn monster count
 F = Spawn count percentage of total count
 G = Total turns spent on level
                    A         B        C        D         E        F      G
               +---------+---------+-------+---------+---------+-------+---------
         Total |       0 |     159 |   0.0 |       0 |      62 |   0.0 |  3837
               +---------+---------+-------+---------+---------+-------+---------
           D:1 |       0 |      46 |   0.0 |       0 |      24 |   0.0 |  1730
           D:2 |       0 |      57 |   0.0 |       0 |      24 |   0.0 |  1209
           D:3 |       0 |      56 |   0.0 |       0 |      14 |   0.0 |   810
               +---------+---------+-------+---------+---------+-------+---------
